 Dungeon Crawl Stone Soup version 0.21-a0-265-gb353147 (console) character file.

2450 Mandevil the Spear-Bearer (level 9, -1/85 HPs)
             Began as a Naga Monk on Sept 11, 2017.
             Was a Priest of Cheibriados.
             Slain by an orc warrior
             ... wielding a +0 dire flail
              (19 damage)
             ... on level 6 of the Dungeon.
             The game lasted 00:24:59 (6584 turns).

Mandevil the Spear-Bearer (Naga Monk)               Turns: 6584, Time: 00:25:00

Health: -1/85      AC:  8    Str: 23    XL:     9   Next: 50%
Magic:  12/13      EV: 10    Int: 19    God:    Cheibriados [***...]
Gold:   356        SH:  2    Dex: 18    Spells: 8/8 levels left

rFire    . . .     SeeInvis +   a - +0 trident
rCold    . . .     Gourm    .   (no shield)
rNeg     . . .     Faith    .   e - +3 leather armour
rPois    +         Spirit   .   (no helmet)
rElec    .         Reflect  +   (no cloak)
rCorr    .         Harm     .   (no gloves)
MR       ++...                  (no barding)
Stlth    ++++......             D - +2 amulet of reflection
HPRegen  0.24/turn              j - ring of stealth
MPRegen  0.13/turn              y - +1 ring of protection

@: about to teleport, short of breath, very slow
A: see invisible, clumsy 1, deformed body, magic resistance 1, poison
resistance, slowness 2, slow metabolism 1, spit poison 1, wild magic 2, AC +3
a: Spit Poison, Bend Time, Temporal Distortion, Renounce Religion


You were on level 6 of the Dungeon.
You worshipped Cheibriados.
Cheibriados was most pleased with you.
You were not hungry.

You visited 2 branches of the dungeon, and saw 8 of its levels.

You collected 356 gold pieces.

Inventory:

Hand Weapons
 a - a +0 trident (weapon)
 o - a +0 trident
 r - a +1 spear
Missiles
 f - 117 arrows
 m - 14 needles of confusion
 s - 185 stones (quivered)
 t - 44 sling bullets
 A - 23 bolts
 G - 9 poisoned needles
Armour
 e - a +3 leather armour (worn)
Jewellery
 j - a ring of stealth (left hand)
 y - a +1 ring of protection (right hand)
 D - a +2 amulet of reflection (around neck)
Wands
 k - a wand of acid (0/15)
 q - a wand of confusion (22/48)
 w - a wand of flame (24/48)
 C - a wand of confusion (15/48)
Scrolls
 h - a scroll of fear
 p - 3 scrolls of amnesia
 u - a scroll of teleportation
 x - a scroll of blinking
 B - a scroll of fog
 F - a scroll of immolation
Potions
 i - 2 potions of heal wounds
 l - 3 potions of invisibility
 n - 4 potions of curing
 v - a potion of lignification
 z - a potion of flight
 E - 2 potions of mutation
Comestibles
 b - a royal jelly
 c - 2 bread rations
 d - 3 fruits
 g - 2 meat rations
 H - a chunk of flesh


   Skills:
 - Level 6.8 Fighting
 + Level 8.5 Polearms
 - Level 2.4 Dodging
 - Level 5.0 Stealth
 + Level 6.0 Invocations
 + Level 3.9 Evocations


You had 8 spell levels left.
You didn't know any spells.

Dungeon Overview and Level Annotations

Branches:
Dungeon (7/15)             Temple (1/1) D:5

Altars:
Ashenzari
Cheibriados
Dithmenos
Elyvilon
Fedhas
Hepliaklqana
Kikubaaqudgha
Makhleb
Nemelex Xobeh
Okawaru
Qazlal
Ru
Sif Muna
Trog
Uskayaw
Vehumet
Xom
Yredelemnul
Zin
The Shining One

Annotations:
D:2 Sigmund


Innate Abilities, Weirdness & Mutations

You cannot wear boots.
Your serpentine skin is tough. (AC +3)
You have supernaturally acute eyesight. (SInv)
Armour fits poorly on your strangely shaped body.
Your system is resistant to poisons. (rPois)
You cover ground very slowly.
You have a slow metabolism.
You can spit poison.
You are clumsy. (Dex -2)
You are resistant to hostile enchantments. (MR+)
Your spells are harder to cast, but more powerful.


Message History

The orc warrior barely misses you. The orc closely misses you.
You closely miss the orc warrior.
The orc warrior is heavily wounded.
Press: ? - help, Shift-Dir - straight line, f - orc warrior
Aim: an orc warrior, wielding a dire flail and wearing a chain mail (heavily wounded, slow, unusually resistant)
The splash of poison misses the orc warrior.
You feel slightly more hungry. The orc misses you. The orc closely misses you.
The orc warrior hits you with a dire flail!
* * * LOW HITPOINT WARNING * * *
You feel much better.
You are too injured to fight recklessly!
Press: ? - help, v - describe, . - travel
Here: an orc, wielding a falchion of holy wrath and wearing a leather armour (slow)
The floor.
Unknown command.
You closely miss the orc warrior.
The orc warrior is heavily wounded.
The orc barely misses you.
The orc warrior hits you with a dire flail!!
You die...

#.77777....#...........
#.....#....#...........
#.....#....#...........
#.....#....############
###########.....###..##.....#....
#.#...............#####.....#....
..'...............#..######.###..
..#...>........o.o#..##..##.#####
..#.............N.#...#.......#
..#..............o#...#.......#
'##...............##'###.##..####
....#############......#'#####...
....#......#....#......#.....#...
....#......'....#......#.....#...
....#......#....#......#.....#...
)...#......#....#......#.....#...
....#......#....#......#.....#...


You could see an orc warrior and 2 orcs.

Vanquished Creatures
  The ghost of Mandevil the Poker, a novice NaMo of Cheibriados (D:6)
  Eustachio (D:6)
  3 sky beasts
  A phantom (D:5)
  3 ogres
  2 centaurs
  2 bullfrogs
  2 scorpions
  A howler monkey (D:6)
  5 wights
  3 crimson imps
  A hound (D:6)
  A centaur skeleton (D:6)
  5 worker ants
  A hound skeleton (D:6)
  4 gnolls (D:3)
  14 adders
  3 shadow imps
  An ooze (D:1)
  An adder zombie (D:6)
  A worm (D:6)
  A dart slug (D:1)
  The ghost of p0werm0de the Chiller, a weakling OpIE (D:3)
  8 leopard geckos
  An orc (D:7)
  A ball python (D:1)
  A giant cockroach (D:7)
  6 hobgoblins
  8 jackals
  7 kobolds
  5 quokkas
  2 ball python skeletons (D:4)
  5 bats
  2 frilled lizards
  4 goblins
  A leopard gecko skeleton (D:6)
  6 rats
115 creatures vanquished.

Notes
Turn   | Place    | Note
-------+----------+-------------------------------------------
     0 | D:1      | Mandevil the Naga Monk began the quest for the Orb.
     0 | D:1      | Reached XP level 1. HP: 21/21 MP: 1/1
    65 | D:1      | Reached XP level 2. HP: 27/28 MP: 2/2
   454 | D:1      | Reached XP level 3. HP: 22/34 MP: 3/3
   996 | D:2      | Noticed Sigmund
  1147 | D:2      | Found a shimmering altar of Xom.
  1254 | D:2      | Reached skill level 5 in Stealth
  1254 | D:2      | Reached XP level 4. HP: 42/42 MP: 4/4
  1570 | D:3      | Reached skill level 4 in Polearms
  1750 | D:3      | Noticed p0werm0de's ghost (weakling OpIE)
  1760 | D:3      | Killed p0werm0de's ghost
  1886 | D:3      | Reached XP level 5. HP: 15/49 MP: 5/5
  3058 | D:4      | Noticed an ogre
  3066 | D:4      | Killed an ogre
  3066 | D:4      | Reached skill level 5 in Polearms
  3066 | D:4      | Reached XP level 6. HP: 58/58 MP: 6/6
  3454 | D:5      | Entered Level 5 of the Dungeon
  3468 | D:5      | Noticed a phantom
  3533 | D:5      | Found a shattered altar of Ashenzari.
  3566 | D:5      | Noticed a sky beast
  3573 | D:5      | Killed a sky beast
  3573 | D:5      | Reached skill level 5 in Fighting
  3573 | D:5      | Reached XP level 7. HP: 42/67 MP: 7/7
  3929 | D:5      | Reached skill level 6 in Polearms
  4076 | D:5      | Gained mutation: Your spells are a little harder to cast, but a little more powerful. [potion of mutation]
  4076 | D:5      | Gained mutation: You are clumsy. (Dex -2) [potion of mutation]
  4076 | D:5      | Gained mutation: You are resistant to hostile enchantments. (MR+) [potion of mutation]
  4076 | D:5      | Gained mutation: Your spells are harder to cast, but more powerful. [potion of mutation]
  4347 | D:5      | Found a staircase to the Ecumenical Temple.
  4356 | Temple   | Entered the Ecumenical Temple
  4446 | Temple   | Became a worshipper of Cheibriados the Contemplative
  4446 | Temple   | Reached * piety under Cheibriados
  4446 | Temple   | Reached ** piety under Cheibriados
  4602 | D:5      | Reached skill level 1 in Invocations
  5001 | D:5      | Reached XP level 8. HP: 25/76 MP: 9/9
  5249 | D:6      | Noticed Eustachio
  5261 | D:6      | Killed Eustachio
  5312 | D:6      | Reached skill level 7 in Polearms
  5353 | D:6      | Found an iron altar of Okawaru.
  5608 | D:6      | Found a shadowy altar of Dithmenos.
  5661 | D:6      | Reached skill level 1 in Evocations
  5803 | D:6      | Noticed Mandevil's ghost (novice NaMo)
  5848 | D:6      | Killed Mandevil's ghost
  5848 | D:6      | Reached skill level 8 in Polearms
  5848 | D:6      | Reached skill level 5 in Invocations
  5848 | D:6      | Reached XP level 9. HP: 41/85 MP: 10/13
  6295 | D:7      | Found a stormy altar of Qazlal.
  6457 | D:7      | Reached *** piety under Cheibriados
  6582 | D:6      | HP: 3/85 [orc warrior/dire flail (8)]
  6584 | D:6      | Slain by an orc warrior

Vault maps used:
D:1:      dpeg_arrival_rooms_c, st_stairs_5
D:2:      old_standard_altar, uniq_sigmund
D:4:      first_bread, minmay_joined_circles
D:5:      cheibrodos_ashenzari_chains, lemuel_temple_firewalk_a
D:6:      kennysheep_mini, kennysheep_mini_moat, uniq_eustachio
D:7:      nicolae_qazlal_eye_of_the_storm
Temple:   lightli_temple_of_artemis

Skill      XL: |  1  2  3  4  5  6  7  8  9 |
---------------+----------------------------+-----
Stealth        | 4 5 |  5.0
Polearms       | 4 5 6 8 |  8.5
Fighting       | 4 5 6 |  6.8
Invocations    | 2 5 6 |  6.0
Evocations     | 3 |  3.9
Dodging        | |  2.4

Action                   |  1- 3 |  4- 6 |  7- 9 || total
-------------------------+-------+-------+-------++-------
Melee: Spear             |    94 |   119 |       ||   213
       Trident           |       |    70 |   291 ||   361
Throw: Stone             |       |     4 |    43 ||    47
Invok: Bend Time         |       |       |     4 ||     4
 Abil: Spit Poison       |     7 |    23 |    15 ||    45
Evoke: Wand              |       |       |     5 ||     5
  Use: Scroll            |     5 |     8 |     7 ||    20
       Potion            |       |     3 |     4 ||     7
 Stab: Sleeping          |     5 |     6 |    11 ||    22
  Eat: Chunk             |     1 |     6 |     6 ||    13
       Fruit             |       |     1 |     3 ||     4
Armor: Robe              |     2 |       |       ||     2
       Leather armour    |     2 |    65 |    80 ||   147
Dodge: Dodged            |    41 |    86 |   116 ||   243
Block: Other             |       |       |     5 ||     5

Table legend:
 A = Spawn XP
 B = Non-spawn XP
 C = Spawn XP percentage of total XP
 D = Spawn monster count
 E = Non-spawn monster count
 F = Spawn count percentage of total count
 G = Total turns spent on level
                    A         B        C        D         E        F      G
               +---------+---------+-------+---------+---------+-------+---------
         Total |       0 |    3501 |   0.0 |       0 |     115 |   0.0 |  6584
               +---------+---------+-------+---------+---------+-------+---------
           D:1 |       0 |      50 |   0.0 |       0 |      25 |   0.0 |   847
           D:2 |       0 |      34 |   0.0 |       0 |       7 |   0.0 |   705
           D:3 |       0 |     120 |   0.0 |       0 |      20 |   0.0 |  1011
           D:4 |       0 |     299 |   0.0 |       0 |      17 |   0.0 |   894
           D:5 |       0 |     679 |   0.0 |       0 |       8 |   0.0 |  1572
           D:6 |       0 |    2013 |   0.0 |       0 |      30 |   0.0 |  1154
           D:7 |       0 |     306 |   0.0 |       0 |       8 |   0.0 |   288
               +---------+---------+-------+---------+---------+-------+---------
